 Dungeon Crawl Stone Soup version 0.28.0-53-g5a82cb258f (webtiles) character file.

Game seed: 6184025562481230580

115 lunaticedit the Insei (level 5, -2/33 HPs)
             Began as an Octopode Transmuter on July 30, 2022.
             Succumbed to Robin's poison
             ... on level 3 of the Dungeon.
             The game lasted 00:05:09 (3783 turns).

lunaticedit the Insei (Octopode Transmuter)         Turns: 3783, Time: 00:05:09

Health: -2/33      AC:  1    Str:  9    XL:     5   Next: 0%
Magic:  7/8        EV: 17    Int: 15    God:
Gold:   100        SH:  0    Dex: 15    Spells: 7/8 levels left

rFire   . . .      SeeInvis .   d - +0 dagger
rCold   . . .      Faith    .   (no shield)
rNeg    . . .      Spirit   .   (helmet currently unavailable)
rPois   .          Reflect  .   (no amulet)
rElec   .          Harm     .   a - +4 ring of evasion
rCorr   .          Rampage  .   (no ring)
Will    .....                   (no ring)
Stlth   +++.......              (no ring)
HPRegen 0.11/turn               (no ring)
MPRegen 0.11/turn               (no ring)
                                (no ring)
                                (no ring)

@: lethally poisoned (-2 -> -16), appendages
A: tentacle spike 3, almost no armour, amphibious, 8 rings, camouflage 1,
gelatinous body 1, (nimble swimmer 1), tentacles
a: End Transformation


You were on level 3 of the Dungeon.
One of your tentacles had grown a beastly spike.
You visited 1 branch of the dungeon, and saw 3 of its levels.

You collected 100 gold pieces.

Inventory:

Hand Weapons
 d - a +0 dagger (weapon)
Jewellery
 a - a +4 ring of evasion (left tentacle)
Potions
 b - 2 potions of ambrosia {unknown}
 c - 2 potions of flight {unknown}
 e - a potion of invisibility {unknown}


   Skills:
 + Level 1.4 Fighting
 + Level 0.1 Short Blades
 + Level 2.3 Dodging
 + Level 3.0 Stealth
 + Level 4.2 Unarmed Combat
 + Level 2.3 Spellcasting
 + Level 2.2 Transmutations


You had 7 spell levels left.
You knew the following spells:

 Your Spells              Type           Power      Damage    Failure   Level
a - Beastly Appendage     Tmut           16%        N/A       9%          1

Your spell library contained the following spells:

 Spells                   Type           Power      Damage    Failure   Level
 Wereblood                Tmut           8%         N/A       13%         2
 Spider Form              Tmut/Pois      5%         N/A       38%         3
 Ozocubu's Armour         Ice            1%         N/A       54%         3
 Ice Form                 Ice/Tmut       5%         N/A       80%         4
 Ozocubu's Refrigeration  Ice            0%         4d5       100%        7


Dungeon Overview and Level Annotations

Branches:
Dungeon (3/15)

Altars:
Xom

Shops:
D:1 (


Innate Abilities, Weirdness & Mutations

One of your tentacles has grown a beastly spike.
You cannot wear most types of armour.
You are amphibious.
You can wear up to eight rings at the same time.
Your skin changes colour to match your surroundings (Stealth+).
Your rubbery body absorbs attacks. (AC +1, EV +1)
((You are camouflaged when in or above water. (Stealth+)))
You have tentacles for arms and can constrict up to eight enemies at once.


Message History

There is a stone staircase leading up here.
The goblin shoots a stone.
The stone closely misses you.
You climb upwards.
There is a stone staircase leading down, spattered with blood here.
HP restored.
Items here: ))) รท.
There is a stone staircase leading down, spattered with blood here.
You climb downwards.
Level annotation: Robin The goblin shoots a stone.
The stone hits you.
There is a stone staircase leading up here.
Robin hits you from afar with a +5 spear of venom.
The goblin shoots a stone.
The stone misses you.
Casting: Beastly Appendage (safe; 9% risk of failure)
Confirm with . or Enter, or press ? or * to list all spells.
One of your tentacles grows a vicious spike.
Robin hits you from afar with a +5 spear of venom.
You are poisoned.
The goblin shoots a stone.
The stone barely misses you.
You feel very sick. Robin barely misses you.
The goblin shoots a stone.
The stone barely misses you.
You hit Robin. Your grab misses Robin.
You pierce Robin.
Robin is moderately wounded.
You feel very sick.
Robin hits you with a +5 spear of venom.
You are lethally poisoned!
The goblin shoots a stone.
The stone barely misses you.
You hit Robin but do no damage. You grab Robin.
You pierce Robin.
Robin is severely wounded.
You constrict Robin.
* * * LOW HITPOINT WARNING * * *
You feel very sick.
Robin hits you with a +5 spear of venom!
* * * LOW HITPOINT WARNING * * *
You hit Robin.
You pierce Robin.
Robin is almost dead.
You constrict Robin.
You kill Robin!
You die...

# .. ...
#########
....###.......##
......#.........
g.g.............
#.).......
#.@..g.##
##.....#
#<.....#
##.....#
#........
#......##
.###+#... . ##.
.


You could see a goblin.

Vanquished Creatures
  Jessica (D:2)
  Robin (D:3)
  An adder (D:2)
  An ufetubus (D:2)
  3 worms (D:2)
  3 dart slugs (D:1)
  8 bats
  2 endoplasms
  A giant cockroach (D:2)
  13 goblins
  6 hobgoblins (D:2)
  9 kobolds
  2 quokkas
  3 ball pythons (D:2)
  2 frilled lizards
  4 rats
60 creatures vanquished.

Vanquished Creatures (others)
  2 fungi (D:1)
  A plant (D:1)
3 creatures vanquished.

Grand Total: 63 creatures vanquished

Notes
Turn   | Place    | Note
-------+----------+-------------------------------------------
     0 | D:1      | lunaticedit the Octopode Transmuter began the quest for the
                  | Orb.
     0 | D:1      | Reached XP level 1. HP: 13/13 MP: 3/3
   441 | D:1      | Found a faded altar of an unknown god.
   467 | D:1      | Reached XP level 2. HP: 11/18 MP: 3/5
   622 | D:1      | Found Ygappo's Antique Weapon Shop.
  1147 | D:1      | Reached XP level 3. HP: 23/23 MP: 6/6
  2015 | D:2      | Reached skill level 1 in Stealth
  2023 | D:2      | Noticed Jessica
  2029 | D:2      | Killed Jessica
  2030 | D:2      | Reached skill level 4 in Unarmed Combat
  2030 | D:2      | Reached XP level 4. HP: 28/28 MP: 7/7
  2315 | D:2      | Found a shimmering altar of Xom.
  2966 | D:3      | Noticed Robin
  3460 | D:2      | Reached XP level 5. HP: 27/33 MP: 8/8
  3782 | D:3      | HP: 1/33 [Robin/+5 spear of venom (7)]
  3783 | D:3      | Killed Robin
  3783 | D:3      | Succumbed to Robin's poison

Illustrated notes

Levels and vault maps discovered:
D:1:      beargit_arrival_greenhouse, layout_basic, serial_shops,
          nicolae_shop_advertising_works [nicolae_subvault_shop_adworks],
          shapermc_ecumenical_altar_mp_urbaneastern
D:2:      layout_loops_ring, basic_altar, wander_ebering_terrifying_dragon_lair,
          uniq_jessica
D:3:      layout_basic, uniq_natasha, uniq_crazy_yiuf_cottage, uniq_robin,
          uniq_grinder, uniq_sigmund

Skill      XL: |  1  2  3  4 |
---------------+-------------+-----
Stealth        | 2 3 |  3.0
Unarmed Combat | 4 |  4.2
Fighting       | |  1.4
Short Blades   | |  0.1
Dodging        | |  2.3
Spellcasting   | |  2.3
Transmutations | |  2.2

Action                   |  1- 3 |  4- 6 || total
-------------------------+-------+-------++-------
Melee: Unarmed           |    40 |       ||    40
       Constrict         |    20 |    17 ||    37
       Tentacles         |    17 |    11 ||    28
       Punch             |     2 |     2 ||     4
       Kick              |     1 |     7 ||     8
       Dagger            |    23 |    67 ||    90
 Cast: Beastly Appendage |     2 |     3 ||     5
  Use: Scroll            |     1 |     1 ||     2
 Stab: Sleeping          |     8 |     8 ||    16
Armor: Skin              |     7 |     7 ||    14
Dodge: Dodged            |    33 |    74 ||   107
